 Dungeon Crawl Stone Soup version 0.31-a0-968-g24f9ace8b5 (webtiles) character file.

Game seed: 11566695380348463215

4937 sobaka the Skirmisher (level 10, -6/77 HPs)
             Began as a Formicid Hunter on Oct 27, 2023.
             Was an Initiate of Gozag.
             Mangled by a fire elemental (8 damage)
             ... summoned by a deep elf pyromancer
             ... on level 9 of the Dungeon.
             The game lasted 00:54:47 (8214 turns).

sobaka the Skirmisher (Formicid Hunter)             Turns: 8214, Time: 00:54:48

Health: -6/77      AC: 14    Str: 15    XL:     10   Next: 81%
Magic:  10/10      EV: 14    Int: 10    God:    Gozag
Gold:   972        SH:  0    Dex: 21    Spells: 9/9 levels left

rFire   . . .        D - +0 orcbow
rCold   + . .        (no shield)
rNeg    . . .        B - +2 leather armour {rC+}
rPois   .            (helmet unavailable)
rElec   .            u - +0 cloak
rCorr   .            h - +2 pair of gloves
SInv    +            (no boots)
Will    +....        v - amulet of regeneration
Stlth   +++          p - +4 ring of protection
HPRegen 1.12/turn    (no ring)
MPRegen 0.12/turn

%: no passive effects
@: no status effects
A: permanent stasis, dig shafts and tunnels, antennae 3, four strong arms
a: Dig, Shaft Self, Renounce Religion, Potion Petition, Call Merchant, Bribe
Branch


You were on level 9 of the Dungeon.
You worshipped Gozag.
Gozag was pleased with you.
You visited 2 branches of the dungeon, and saw 10 of its levels.

You collected 1251 gold pieces.
You spent 190 gold pieces at shops.
You paid 89 gold pieces to Gozag.

Inventory:

Hand Weapons
 a - a +1 shortbow
 i - a +0 falchion
 D - a +0 orcbow (weapon)
Missiles
 e - 40 poisoned darts
 r - 2 curare-tipped darts
Armour
 h - a +2 pair of gloves (worn)
 u - a +0 cloak (worn)
 y - a +0 chain mail
 B - a +2 leather armour of cold resistance (worn)
 H - a +0 buckler
Jewellery
 o - a ring of protection from cold
 p - a +4 ring of protection (left hand)
 v - an amulet of regeneration (around neck)
 z - a ring of protection from cold
Wands
 l - a wand of light (4)
 n - a wand of flame (22)
 s - a wand of iceblast (11)
 A - a wand of paralysis (2)
Scrolls
 b - a scroll of butterflies
 c - a scroll of revelation
 f - 2 scrolls of blinking
 w - a scroll of poison
 x - a scroll of immolation
 C - a scroll of fog
 E - a scroll of enchant armour
 G - a scroll of torment
Potions
 d - a potion of brilliance {unknown}
 g - 2 potions of mutation
 j - 2 potions of berserk rage
 k - 4 potions of curing
 m - a potion of haste {unknown}
 q - a potion of resistance {unknown}
 t - 3 potions of magic
 F - a potion of cancellation {unknown}


   Skills:
 * Level 6.7 Fighting
 * Level 11.6 Ranged Weapons
 * Level 3.2 Throwing
 * Level 4.7 Armour
 * Level 4.5 Dodging
 * Level 6.5 Stealth


You had 9 spell levels left.
You didn't know any spells.
Your spell library contained the following spells:

 Spells                   Type           Power      Damage    Failure   Level
 Slow                     Hex            0%         N/A       41%         1
 Confusing Touch          Hex            0%         N/A       80%         3
 Hailstorm                Conj/Ice       0%         3d3       80%         3
 Ozocubu's Armour         Ice            0%         N/A       80%         3
 Sigil of Binding         Hex            0%         N/A       80%         3
 Vampiric Draining        Necr           0%         2d6       80%         3
 Summon Ice Beast         Ice/Summ       0%         N/A       99%         4
 Ozocubu's Refrigeration  Ice            0%         4d7       100%        7
 Simulacrum               Ice/Necr       Unusable   N/A       N/A         6

Dungeon Overview and Level Annotations

Branches:
Dungeon (9/15)             Temple (1/1) D:4
   Lair: D:8-11         Orc: D:9-12

Altars:
Ashenzari
Cheibriados
Dithmenos
Elyvilon
Fedhas
Gozag
Hepliaklqana
Kikubaaqudgha
Makhleb
Nemelex Xobeh
Okawaru
Qazlal
Ru
Sif Muna
Trog
Uskayaw
Vehumet
Wu Jian
Xom
Yredelemnul
Zin
The Shining One

Shops:
D:7 [   D:8 :

Annotations:
D:3 3 runed translucent doors, Pascal76's ghost, weakling DsGl


Innate Abilities, Weirdness & Mutations

You cannot be hasted, slowed, berserked, paralysed or teleported.
You can dig through walls and to a lower floor.
You have a pair of large antennae on your head. (SInv)
Your four strong arms can wield two-handed weapons with a shield.


Message History

The fire elemental hits you. The fire elemental burns you!
A nearby plant withers and dies.
The fire elemental misses you.
The fire elemental hits the plant.
The plant begins to die.
The fire elemental burns the plant!
The deep elf pyromancer casts a spell.
The deep elf pyromancer blinks!
You shoot an arrow.
The arrow barely misses the deep elf pyromancer.
The fire elemental hits you. The fire elemental burns you!
The deep elf pyromancer hits you with a +0 long sword.
You shoot an arrow.
The arrow barely misses the deep elf pyromancer.
The fire elemental hits you. The fire elemental burns you!
The fire elemental misses you. The deep elf pyromancer misses you.
You shoot an arrow. The arrow hits the deep elf pyromancer.
The deep elf pyromancer is heavily wounded.
The fire elemental hits you. The fire elemental burns you!
* * * LOW HITPOINT WARNING * * *
You shoot an arrow.
The arrow barely misses the deep elf pyromancer.
A nearby plant withers and dies.
The deep elf pyromancer barely misses you.
The fire elemental hits you. The fire elemental burns you!
* * * LOW HITPOINT WARNING * * *
You shoot an arrow.
The arrow completely misses the deep elf pyromancer.
The deep elf pyromancer hits you with a +0 long sword.
* * * LOW HITPOINT WARNING * * *
The fire elemental misses you.
You shoot an arrow. The arrow hits the deep elf pyromancer!
The deep elf pyromancer is severely wounded.
The fire elemental hits you. The fire elemental burns you!
* * * LOW HITPOINT WARNING * * *
The deep elf pyromancer hits you but does no damage.
You shoot an arrow. The arrow hits the deep elf pyromancer!
The deep elf pyromancer is almost dead.
The fire elemental hits you. The fire elemental burns you!
You die...
Your body crumbles into a pile of gold.

##### #################....
#.................... ####
########.#######..#.##.##### ...#
.......#.#.☼..P#.##.#..# { ...#
..>....#.#.###.#.##..#.# ...#
.......'.#E+$#['..#.#..# ...#
.......#.#E###.#.#...#.#
...#####....#.#.@e..#.#..##.#
...#...######.#######.#.#.#.###+#
...#.............[....## ##......
#####'##......##.#..##.##...###.#
.......#......#..#.#....#..#%....
.......######.####..#####.#.##.##
............+..#.##...#..#.#.....
..............#.###.##.##.#..####
##'#...######.........#..#....###


You could see a deep elf pyromancer and 2 fire elementals.

Vanquished Creatures
  A two-headed ogre (D:9)
  A kobold demonologist (D:9)
  A hornet (D:8)
  A wyvern (D:9)
  A yak (D:9)
  A steam dragon (D:9)
  2 water moccasins
  2 orc warriors
  An ice beast (D:8)
  2 sky beasts (D:7)
  A black bear (D:4)
  An ogre (D:5)
  2 centaurs
  A phantom (D:7)
  5 kobold brigands
  A scorpion (D:5)
  A bullfrog (D:9)
  A gnoll sergeant (D:9)
  8 wights
  11 killer bees
  A howler monkey (D:4)
  2 orc priests
  2 gnoll boudas
  3 hounds
  3 jellies
  A sleepcap (D:8)
  Jessica (D:3)
  4 iguanas
  7 orc wizards
  16 gnolls
  6 adders
  2 ufetubi (D:6)
  2 worms
  A dart slug (D:4)
  12 orcs
  5 bats
  3 endoplasms
  7 giant cockroaches
  5 goblins
  11 hobgoblins
  9 jackals
  2 quokkas
  5 ball pythons
  2 frilled lizards (D:1)
  36 kobolds
  3 rats
196 creatures vanquished.

Notes
Turn   | Place    | Note
-------+----------+-------------------------------------------
     0 | D:1      | sobaka the Formicid Hunter began the quest for the Orb.
     0 | D:1      | Reached XP level 1. HP: 16/16 MP: 1/1
   145 | D:1      | Reached XP level 2. HP: 22/22 MP: 2/2
   799 | D:2      | Reached XP level 3. HP: 28/28 MP: 3/3
  1097 | D:2      | Reached XP level 4. HP: 34/34 MP: 4/4
  1553 | D:3      | Noticed Jessica
  1563 | D:3      | Killed Jessica
  1564 | D:3      | Reached skill level 5 in Ranged Weapons
  1802 | D:3      | Found a runed translucent gate.
  1802 | D:3      | Found a runed translucent gate.
  1803 | D:3      | Found a runed translucent gate.
  1922 | D:3      | Found a faded altar of an unknown god.
  1983 | D:3      | Noticed Pascal76's ghost (weakling DsGl)
  2041 | D:3      | Reached XP level 5. HP: 39/39 MP: 5/5
  2194 | D:4      | Reached skill level 1 in Armour
  2243 | D:4      | Found a staircase to the Ecumenical Temple.
  2251 | Temple   | Entered the Ecumenical Temple
  2461 | D:4      | Reached XP level 6. HP: 40/47 MP: 6/6
  2844 | D:4      | Noticed a black bear
  2853 | D:4      | Killed a black bear
  2854 | D:4      | Reached skill level 6 in Ranged Weapons
  2959 | D:5      | Entered Level 5 of the Dungeon
  3079 | D:5      | Reached XP level 7. HP: 49/52 MP: 7/7
  3409 | D:5      | Found an opulent altar of Gozag.
  3409 | D:5      | Found a stormy altar of Qazlal.
  3422 | D:5      | Became a worshipper of Gozag Ym Sagoz the Greedy
  3536 | D:5      | Reached skill level 7 in Ranged Weapons
  4094 | D:6      | Reached XP level 8. HP: 27/60 MP: 8/8
  4500 | D:6      | Reached skill level 8 in Ranged Weapons
  4997 | D:7      | Found Nonishump's Armour Shoppe.
  5000 | D:7      | Bought a +2 leather armour of cold resistance for 190 gold
                  | pieces
  5592 | D:7      | Reached XP level 9. HP: 67/67 MP: 9/9
  5764 | D:7      | Reached skill level 5 in Fighting
  5772 | D:7      | Reached skill level 9 in Ranged Weapons
  6103 | D:7      | Reached skill level 1 in Throwing
  6163 | D:8      | Noticed a hornet
  6175 | D:8      | Killed a hornet
  6176 | D:8      | Reached skill level 5 in Stealth
  6312 | D:8      | Found a shadowy altar of Dithmenos.
  6377 | D:8      | Found Adghib's Book Shop.
  6419 | D:8      | Found a burning altar of Makhleb.
  6420 | D:8      | Found a basalt altar of Yredelemnul.
  6427 | D:8      | Found a broken altar of Ashenzari.
  6430 | D:8      | Found a hide-covered altar of Uskayaw.
  6431 | D:8      | Found a bloodstained altar of Trog.
  6433 | D:8      | Found an ancient bone altar of Kikubaaqudgha.
  6436 | D:8      | Found a glowing golden altar of the Shining One.
  6568 | D:8      | Identified the +5 ring mail of Absence {Str+5 Dex-4}
  6736 | D:8      | Reached skill level 10 in Ranged Weapons
  6855 | D:9      | Identified the of Bile
  7004 | D:9      | Reached XP level 10. HP: 76/76 MP: 10/10
  7332 | D:9      | Noticed a kobold demonologist
  7354 | D:9      | Killed a kobold demonologist
  7355 | D:9      | Reached skill level 11 in Ranged Weapons
  7686 | D:9      | Noticed a two-headed ogre
  7695 | D:9      | Killed a two-headed ogre
  8188 | D:9      | Noticed a deep elf pyromancer
  8213 | D:9      | HP: 1/77 [fire elemental[a deep elf pyromancer] (8)]
  8214 | D:9      | Mangled by a fire elemental

Illustrated notes

Levels and vault maps discovered:
D:1:      dpeg_arrival_arbitrary_b, layout_basic, minmay_misc_feat_chi,
          minmay_worlds_worst_comb
D:2:      kennysheep_big_flooded_room, layout_basic, kennysheep_generic_room_2
D:3:      wad_crossroads, layout_basic, gammafunk_ghost_necromancy,
          basic_ecumenical_altar, dk_noncrumbling_3, uniq_jessica
D:4:      minmay_chambers_of_fours, layout_basic, minmay_temple_entry_overgrown,
          minmay_misc_feat_encased
D:5:      layout_basic, amethyst_overflow_temple_binary
D:6:      layout_gridville
D:7:      layout_basic, serial_shops, nicolae_shop_behind_doors
D:8:      layout_basic, nicolae_overflow_hallway_of_the_gods,
          lemuel_crystal_altar, serial_shops, nicolae_diamond_shop
D:9:      layout_grid_maze, nrook_mini_backslash, minmay_shattered_shrine
Temple:   hellmonk_temple_two_chambers

Skill      XL: |  1  2  3  4  5  6  7  8  9 10 |
---------------+-------------------------------+-----
Stealth        | 2 3 4 5 6 |  6.5
Dodging        | 2 3 4 |  4.5
Ranged Weapons | 5 6 7 8 10 11 | 11.6
Armour         | 1 2 3 4 |  4.7
Fighting       | 3 4 5 6 |  6.7
Throwing       | 2 3 |  3.2

Action                     |  1- 3 |  4- 6 |  7- 9 | 10-12 || total
---------------------------+-------+-------+-------+-------++-------
  Melee: Shortbow          |       |       |     4 |       ||     4
   Fire: Shortbow          |   103 |   153 |   451 |       ||   707
         Orcbow            |       |       |    46 |   182 ||   228
    Use: Scroll            |     6 |     5 |     8 |       ||    19
         Potion            |       |       |     2 |       ||     2
 Armour: Leather armour    |    17 |    60 |   186 |    89 ||   352
  Dodge: Dodged            |    19 |    44 |   219 |    85 ||   367

Table legend: (Time is in decaauts)
 A = Elapsed time spent in this place.
 B = Non-inter-level travel time spent in this place.
 C = Inter-level travel time spent in this place.
 D = Time resting spent in this place.
 E = Time spent auto-exploring this place.
 F = Levels seen in this place.
 G = Mean time per level.
                   A        B        C        D        E       F      G
               +--------+--------+--------+--------+--------+-----+--------+
         Total |   8266 |   6448 |   1818 |     35 |   2460 |  10 |  826.6 |
       Dungeon |   8255 |   6437 |   1818 |     35 |   2460 |   9 |  917.2 |
        Temple |     11 |     11 |      0 |      0 |      0 |   1 |   11.0 |
               +--------+--------+--------+--------+--------+-----+--------+

Top non-repeatable levels by time:
     D:7: 1489 daAuts
     D:9: 1264 daAuts
     D:5: 929 daAuts
     D:3: 857 daAuts
     D:8: 820 daAuts
     D:4: 800 daAuts
     D:6: 760 daAuts
     D:1: 707 daAuts
     D:2: 624 daAuts
  Temple: 11 daAuts
